 Dungeon Crawl Stone Soup version bcrawl-1.34.4 (webtiles) character file.

Game seed: 10945084217319538995

289002 KristoblXynda the Slicer (level 9, -3/64 HPs)
             Began as a Kobold Gladiator on Oct 22, 2021.
             Was an Initiate of Ashenzari.
             Slain by an orc warrior
             ... wielding a +0 halberd
              (33 damage)
             ... in a bailey.
             The game lasted 00:08:34 (5906 turns).

KristoblXynda the Slicer (Kobold Gladiator)         Turns: 5906, Time: 00:08:35

Health: -3/64      AC: 17    Str: 14    XL:     9   Next: 80%
Magic:  9/9        EV: 18    Int: 10    God:    Ashenzari [......]
Gold:   316        SH:  4    Dex: 17    Spells: 8/8 levels left

rFire    . . .     SeeInvis .   a - +0 rapier
rCold    + . .     Gourm    .   (shield restricted)
rNeg     . . .     Faith    .   p - +0 ring mail
rPois    .         Spirit   .   o - +2 helmet
rElec    .         Reflect  +   A - scarf {repulsion} (curse)
rCorr    .         Harm     .   i - +2 pair of gloves
MR       +....                  C - +0 pair of boots "Gyet" {rF+ MR+} (curse)
Stlth    +++.......             y - +4 amulet of reflection
HPRegen  0.20/turn              s - ring of ice (curse)
MPRegen  0.11/turn              j - +4 ring of protection

@: repel missiles
A: small, talons 1, carnivore, mutation resistance 1, sense surroundings 2
a: Curse Item, Renounce Religion


You were in a bailey.
You worshipped Ashenzari.
Ashenzari was noncommittal.
You were full.

You visited 2 branches of the dungeon, and saw 8 of its levels.
You also visited: Bailey.

You collected 514 gold pieces.
You spent 198 gold pieces at shops.

Inventory:

Hand Weapons
 a - a +0 rapier (weapon)
Missiles
 d - 3 throwing nets (quivered) {=f}
Armour
 i - a +2 pair of gloves (worn)
 o - a +2 helmet (worn)
 p - a +0 ring mail (worn)
 A - a cursed scarf of repulsion (worn)
 C - the cursed +0 pair of boots "Gyet" (worn) {rF+ MR+}
   (You found it on level 6 of the Dungeon)

   It protects you from fire.
   It affects your resistance to hostile enchantments.
   It has a curse placed upon it.
Jewellery
 j - a +4 ring of protection (right hand)
 l - an uncursed ring of protection from fire
 r - an uncursed ring of see invisible
 s - a cursed ring of ice (left hand)
 y - a +4 amulet of reflection (around neck)
 F - an uncursed amulet of the gourmand
Wands
 H - a wand of iceblast (8)
 I - a wand of clouds (3)
Scrolls
 b - a scroll of magic mapping {unknown}
 c - 2 scrolls of immolation {unknown}
 h - a scroll of enchant armour {unknown}
 m - a scroll of blinking {unknown}
 q - 4 scrolls of teleportation
 t - a scroll of enchant weapon {unknown}
 z - 2 scrolls of amnesia {unknown}
Potions
 f - a potion of heal wounds
 g - 6 potions of curing
 k - a potion of ambrosia
 n - 4 potions of flight
 u - a potion of might {unknown}
 v - a potion of degeneration {unknown}
 w - 2 potions of invisibility {unknown}
 x - a potion of brilliance {unknown}
 B - a potion of agility {unknown}
 D - a potion of berserk rage {unknown}
 E - a potion of mutation
Comestibles
 e - 15 rations {!d}
 G - a chunk of flesh


   Skills:
 + Level 7.3 Fighting
 + Level 8.9 Short Blades
 - Level 3.1 Throwing
 + Level 3.0 Armour
 + Level 8.1 Dodging
 + Level 8.4 Stealth


You had 8 spell levels left.
You didn't know any spells.
Your spell library contained the following spells:

 Spells                   Type           Power        Failure   Level  Hunger
 Apportation              Tloc           #.....       58%         1    None
 Infusion                 Chrm           #.......     58%         1    None
 Sandblast                Erth           #.....       58%         1    None
 Slow                     Hex            #.......     58%         1    None
 Summon Butterflies       Summ           #.......     58%         1    None


Dungeon Overview and Level Annotations

Branches:
Dungeon (7/12)             Temple (1/1) D:6            Lair (0/6) D:7

Altars:
Ashenzari
Cheibriados
Dithmenos
Fedhas
Gozag
Hepliaklqana
Kikubaaqudgha
Lugonu
Makhleb
Nemelex Xobeh
Okawaru
Qazlal
Ru
Sif Muna
Trog
Uskayaw
Vehumet
Wu Jian
Xom
Yredelemnul
The Shining One

Shops:
D:4 :=}[


Innate Abilities, Weirdness & Mutations

You are small and have problems with some larger weapons.
You have sharp toenails.
You are carnivorous and can eat meat at any time.
You are somewhat resistant to further mutation.
You passively map the area around you.


Message History

The orc warrior misses you.
You hit the orc warrior.
The orc warrior is almost dead.
The orc warrior no longer looks unusually strong.
The orc warrior hits you.
You hit the orc warrior.
You kill the orc warrior!
The orc warrior hits you with a +0 halberd!
Your Armour skill increases to level 3!
The orc warrior hits you but does no damage.
Items here: )) [[ † a cursed -1 halberd; a +0 chain mail; a +0 trident; a +0 ring mail an orc corpse You feel much better.
The orc warrior closely misses you. x2
The orc warrior hits you. The orc warrior barely misses you.
You hit the orc warrior but do no damage.
The orc warrior hits you!
The orc warrior hits you with a +0 halberd!!
Ouch! That really hurt!
You die...

## * ***
####*##∩######### *
, ....##...##.....##
, ,
,≈≈≈..#...#..≈≈≈..#
,
≈≈o≈≈.......≈≈)≈≈.#,
, +
≈ooo≈.......≈)∩.≈.+
* *,
.≈≈.....oo≈≈)≈≈.# ,
≈≈..#...#@)≈≈≈..# *
* #.∩.##.....## ** *
* ##∩######### **
### *


You could see 2 orc warriors.

Vanquished Creatures
  An orc knight (Bailey)
  A yak (D:6)
  5 orc warriors
  2 ice beasts (D:6)
  A centaur (D:5)
  2 bullfrogs (D:7)
  A gnoll sergeant (D:7)
  A scorpion (D:7)
  A howler monkey (D:3)
  An orc priest (D:6)
  2 crimson imps
  A bullfrog zombie (D:6)
  5 hounds
  A centaur zombie (D:6)
  A jelly (D:6)
  4 orc wizards
  2 bullfrog skeletons
  A centaur skeleton (D:6)
  3 worker ants
  8 gnolls
  3 adders
  A shadow imp (D:6)
  An ooze (D:2)
  An adder zombie (D:5)
  6 worms
  2 dart slugs (D:3)
  3 leopard geckos
  10 orcs
  3 ball pythons
  5 bats
  11 hobgoblins
  3 jackals (D:5)
  3 quokkas (D:2)
  3 frilled lizards
  8 goblins
  8 kobolds
  A quokka skeleton (D:4)
  6 rats
122 creatures vanquished.

Notes
Turn   | Place    | Note
-------+----------+-------------------------------------------
     0 | D:1      | KristoblXynda the Kobold Gladiator began the quest for the
                  | Orb.
     0 | D:1      | Reached XP level 1. HP: 16/16 MP: 1/1
   192 | D:1      | Reached XP level 2. HP: 21/21 MP: 2/2
   697 | D:2      | Reached XP level 3. HP: 26/26 MP: 3/3
   903 | D:2      | Reached skill level 1 in Stealth
   903 | D:2      | Reached XP level 4. HP: 33/33 MP: 4/4
  1683 | D:3      | Reached XP level 5. HP: 37/37 MP: 5/5
  1766 | D:3      | Reached skill level 5 in Short Blades
  1983 | D:3      | Reached XP level 6. HP: 42/44 MP: 6/6
  2106 | D:3      | Reached skill level 5 in Dodging
  2207 | D:3      | Found a burning altar of Makhleb.
  2207 | D:3      | Noticed an Executioner
  2211 | D:3      | Noticed a ynoxinul
  2211 | D:3      | Noticed an orange demon
  2490 | D:4      | Found Jegys's Armour Shoppe.
  2688 | D:4      | Found Ciptad's Gadget Emporium.
  2762 | D:4      | Found Cololopt's Jewellery Boutique.
  2836 | D:4      | Found Loanivua's Book Emporium.
  2896 | D:4      | Found a sacrificial altar of Ru.
  2909 | D:4      | Found a radiant altar of Vehumet.
  3092 | D:5      | Entered Level 5 of the Dungeon
  3111 | D:5      | Reached XP level 7. HP: 36/49 MP: 7/7
  3660 | D:5      | Reached skill level 5 in Fighting
  3684 | D:5      | Found a glowing golden altar of the Shining One.
  4026 | D:4      | Bought a +2 pair of gloves for 198 gold pieces
  4167 | D:6      | Got a pair of polished boots
  4212 | D:6      | Identified the +0 pair of boots "Gyet" {rF+ MR+} (You found
                  | it on level 6 of the Dungeon)
  4238 | D:6      | Reached skill level 5 in Stealth
  4467 | D:6      | Reached XP level 8. HP: 55/56 MP: 8/8
  4693 | D:6      | Noticed a yak
  4720 | D:6      | Killed a yak
  4947 | D:6      | Found a staircase to the Ecumenical Temple.
  5029 | Temple   | Entered the Ecumenical Temple
  5175 | Temple   | Became a worshipper of Ashenzari the Shackled
  5176 | Temple   | Found the cursed amulet of Vision {SInv *Curse}
  5760 | D:7      | Reached skill level 1 in Armour
  5760 | D:7      | Reached XP level 9. HP: 54/63 MP: 9/9
  5852 | D:7      | Found a flagged portal.
  5876 | Bailey   | Entered a bailey
  5876 | Bailey   | Noticed an orc knight
  5878 | Bailey   | Noticed an orc knight
  5891 | Bailey   | Killed an orc knight
  5906 | Bailey   | Slain by an orc warrior

Skill      XL: |  1  2  3  4  5  6  7  8  9 |
---------------+----------------------------+-----
Throwing       | 3 |  3.1
Dodging        | 4 5 6 7 8 |  8.1
Stealth        | 1 2 3 4 5 7 8 |  8.4
Fighting       | 4 5 6 7 |  7.3
Short Blades   | 5 6 7 8 |  8.9
Armour         | 1 3 |  3.0

Action                   |  1- 3 |  4- 6 |  7- 9 || total
-------------------------+-------+-------+-------++-------
Melee: Rapier            |    49 |   189 |   284 ||   522
       Kick              |    15 |    54 |    14 ||    83
Throw: Throwing net      |       |       |     1 ||     1
Invok: Curse Item        |       |       |     2 ||     2
Evoke: Wand              |       |       |     1 ||     1
  Use: Scroll            |       |     3 |     1 ||     4
       Potion            |       |       |     3 ||     3
 Stab: Distracted        |     1 |       |       ||     1
       Sleeping          |       |     7 |     3 ||    10
       Held in net/web   |       |       |     2 ||     2
  Eat: Chunk             |     2 |    18 |    12 ||    32
Armor: Leather armour    |     9 |    10 |       ||    19
       Ring mail         |       |    37 |   100 ||   137
Dodge: Dodged            |    39 |   121 |   210 ||   370
       Deflected         |       |       |     2 ||     2
Block: Other             |       |       |    44 ||    44
